 Dungeon Crawl Stone Soup version 0.29.1-2-gbd0b4ee654 (webtiles) character file.

Game seed: 8339430279732066307

37667 Sabo the Blocker (level 13, -2/99 HPs)
             Began as a Demonspawn Berserker on Nov 18, 2022.
             Was a High Priest of Trog.
             Slain by a vault guard
             ... wielding a +0 long sword
              (15 damage)
             ... on level 13 of the Dungeon.
             The game lasted 01:46:28 (21314 turns).

Sabo the Blocker (Demonspawn Berserker)            Turns: 21314, Time: 01:46:31

Health: -2/99      AC: 34    Str: 25    XL:     13   Next: 59%
Magic:  0/31       EV:  9    Int: 11    God:    Trog [*****.]
Gold:   818        SH: 19    Dex: 12    Spells: 12/12 levels left

rFire   + . .      SeeInvis +   u - +10 rapier "Giant's Nightmare" {freeze, rN+ rCorr MP+9}
rCold   + . .      Faith    .   b - +2 kite shield {AC+3}
rNeg    + . .      Spirit   +   L - +7 chain mail of the Enchanted Forest {rPois rF- Slay+3 SInv}
rPois   +          Reflect  +   i - +2 helmet
rElec   .          Harm     .   Q - +2 cloak {Stlth+}
rCorr   +          Rampage  .   C - +1 pair of gloves
Will    .....                   (no boots)
Stlth   ++........              v - amulet of reflection
HPRegen 0.26/turn               j - ring "Wirop" {rPois rF+ AC+4 Str+2 Dex-2}
MPRegen 0.44/turn               m - ring of Ephugob {rF+ MP+9 Str+2}

@: on berserk cooldown, slowed, very slow
A: claws 2, thin skeletal structure 1, foul stench 2, magic shield, magic
regeneration, cold resistance 1
a: Renounce Religion, Berserk, Trog's Hand, Brothers in Arms


You were on level 13 of the Dungeon.
You worshipped Trog.
Trog was extremely pleased with you.
You visited 3 branches of the dungeon, and saw 16 of its levels.
You also visited: Bailey.

You collected 2342 gold pieces.
You spent 1524 gold pieces at shops.

Inventory:

Hand Weapons
 u - the +10 rapier "Giant's Nightmare" (weapon) {freeze, rN+ rCorr MP+9}
   (You found it on level 4 of the Dungeon)

   It freezes those it strikes, dealing additional cold damage.
   It can also slow down cold-blooded creatures.
   rN:        It protects you from negative energy.
   MP:        It affects your magic capacity (+9).
   rCorr:     It protects you from acid and corrosion.
 x - a +3 flail
 A - a +1 antimagic broad axe
 S - the +6 longbow of Zyduam {vorpal, rPois Str+6}
   (You found it in a bailey)

   Any ammunition fired from it inflicts extra damage upon your enemies.
   Str:       It affects your strength (+6).
   rPois:     It protects you from poison.
Missiles
 k - 37 boomerangs (quivered)
 n - 3 silver boomerangs
 w - 30 poisoned darts
 G - 18 curare-tipped darts
 P - 8 datura-tipped darts
Armour
 b - a +2 kite shield of protection (worn)
 i - a +2 helmet (worn)
 C - a +1 pair of gloves (worn)
 I - +5 steam dragon scales
 L - the +7 chain mail of the Enchanted Forest (worn) {rPois rF- Slay+3 SInv}
   (You found it on level 7 of the Dungeon)

   Slay:      It affects your accuracy & damage with ranged weapons and melee
   (+3).
   rF:        It makes you vulnerable to fire.
   rPois:     It protects you from poison.
   SInv:      It lets you see invisible.
 Q - a +2 cloak of stealth (worn)
Jewellery
 f - a ring of resist corrosion
 j - the ring "Wirop" (left hand) {rPois rF+ AC+4 Str+2 Dex-2}
   (You bought it in a shop on level 2 of the Orcish Mines)

   [ring of protection]

   AC:        It affects your AC (+4).
   Str:       It affects your strength (+2).
   Dex:       It affects your dexterity (-2).
   rF:        It protects you from fire.
   rPois:     It protects you from poison.
 m - the ring of Ephugob (right hand) {rF+ MP+9 Str+2}
   (You bought it in a shop on level 2 of the Orcish Mines)

   [ring of magical power]

   Str:       It affects your strength (+2).
   rF:        It protects you from fire.
   MP:        It affects your magic capacity (+9).
 v - an amulet of reflection (around neck)
Wands
 q - a wand of mindburst (6)
 r - a wand of polymorph (14)
 s - a wand of charming (11)
 J - a wand of flame (27)
 M - a wand of iceblast (19)
Scrolls
 a - a scroll of immolation {unknown}
 c - a scroll of magic mapping
 e - 8 scrolls of teleportation
 g - 3 scrolls of summoning
 l - a scroll of enchant weapon {unknown}
 o - a scroll of brand weapon
 p - 3 scrolls of fog
 D - 2 scrolls of blinking
 K - 2 scrolls of fear
 T - a scroll of poison
Potions
 d - 2 potions of curing
 h - 2 potions of haste
 t - 2 potions of mutation
 z - a potion of cancellation
 B - a potion of attraction {unknown}
 F - a potion of might {unknown}
 N - 2 potions of resistance
 O - a potion of heal wounds
Miscellaneous
 y - a box of beasts
 R - a lightning rod (4/4)


   Skills:
 + Level 8.4 Fighting
 + Level 11.7 Short Blades
 + Level 4.3(4.6) Axes
 + Level 2.2(3.5) Polearms
 + Level 1.1 Throwing
 + Level 8.7 Armour
 + Level 5.9 Dodging
 + Level 4.7 Stealth
 + Level 12.2 Shields


You had 12 spell levels left.
You didn't know any spells.
Your spell library was empty.

Dungeon Overview and Level Annotations

Branches:
Dungeon (13/15)            Temple (0/1) D:5            Lair (0/5) D:11
    Orc (2/2) D:10            Elf (1/3) Orc:2        Bailey (visited)
 Vaults: D:13-14

Altars:
Hepliaklqana
Trog
Vehumet
Wu Jian
Xom
Yredelemnul

Shops:
Orc:2 ?=[[*(*:


Innate Abilities, Weirdness & Mutations

You have very sharp fingernails.
You have a somewhat thin skeletal structure. (Dex +2, Stealth+)
You sometimes emit foul miasma when damaged in melee.
When hurt, damage is shared between your health and your magic reserves.
You regenerate magic rapidly.
Your flesh is cold resistant. (rC+)


Message History

The eight-headed hydra bites you!
* * * LOW HITPOINT WARNING * * *
The eight-headed hydra closely misses you.
You block the eight-headed hydra's attack. x2
The eight-headed hydra bites you but does no damage.
The eight-headed hydra closely misses you.
You impale the eight-headed hydra!! You freeze the eight-headed hydra!
You kill the eight-headed hydra!
Trog accepts your kill.
You are no longer berserk.
You are exhausted.
You feel as though you will be slow longer.
The vault guard hits you with a +0 great sword!
* * * LOW HITPOINT WARNING * * *
You block the skeletal warrior's attack.
You block the centaur warrior zombie's attack.
The centaur warrior zombie kicks you but does no damage.
The centaur warrior zombie hits you but does no damage.
The centaur warrior zombie barely misses you.
The vault guard closely misses you. You block the human's attack.
You feel much better.
You block the centaur warrior zombie's attack.
The centaur warrior zombie kicks you but does no damage.
You block the centaur warrior zombie's attack. x2
The centaur warrior zombie barely misses you.
The centaur warrior zombie kicks you but does no damage.
You block the vault guard's attack.
The skeletal warrior hits you from afar with a +0 glaive!
* * * LOW HITPOINT WARNING * * *
The vault guard hits you with a +0 long sword.
* * * LOW HITPOINT WARNING * * *
The human hits you but does no damage.
The vault guard hits you with a +2 long sword.
* * * LOW HITPOINT WARNING * * *
The centaur warrior zombie hits you but does no damage.
The centaur warrior zombie closely misses you.
The skeletal warrior hits you but does no damage.
The vault guard hits you but does no damage.
The vault guard hits you with a +0 long sword!
You die...

.........# .........#
##.......# .. #.......#
..$ #.......## ....
#........##########....
#.'...#........W.......
##.#...#.......ppWZz....
...#...#.......Z@pZ.....
...#...#........pp......
...#####..........z.....
................=.......
........................
.................#######
.............#####
.............#
.............#


You could see 3 vault guards, 2 skeletal warriors, 2 humans, 2 wraiths and 3
centaur warrior zombies.

Vanquished Creatures
  Gastronok (D:9)
  Snorg (D:10)
  2 hydras
  2 boulder beetles (D:12)
  Harold (D:10)
  An ogre mage (D:12)
  5 two-headed ogres
  9 orc high priests (Orc:2)
  2 skeletal warriors (D:13)
  A deep elf archer (Orc:2)
  2 orc knights (Orc:1)
  2 deep elf pyromancers (Orc:2)
  2 cyclopes
  2 deep elf zephyrmancers (Orc:2)
  An ugly thing (D:13)
  A manticore (D:13)
  A centaur zombie (D:13)
  Joseph (D:9)
  3 kobold demonologists
  A gargoyle (D:12)
  3 komodo dragons
  4 trolls
  2 hornets (D:9)
  Prince Ribbit (D:7)
  Grinder (D:3)
  6 slime creatures
  A vampire (D:11)
  Sigmund (D:2)
  2 wraiths
  10 yaks (D:10)
  3 shadows
  Grum (D:11)
  2 wyverns (D:9)
  3 humans
  6 vampire mosquitoes (D:11)
  A steam dragon (D:6)
  Menkaure (D:4)
  A water moccasin (D:8)
  5 wargs
  An acid dragon (D:12)
  4 ice beasts
  A black bear (D:7)
  17 orc warriors
  2 sky beasts
  4 wolves (D:11)
  12 ogres
  9 centaurs
  3 phantoms
  9 kobold brigands
  2 scorpions (D:5)
  3 bullfrogs (D:8)
  10 killer bees
  5 howler monkeys
  6 hounds
  2 gnoll boudas (D:5)
  32 orc priests
  19 orc wizards
  Terence (D:3)
  6 adders
  17 gnolls
  2 shadow imps (D:6)
  3 white imps
  2 ufetubi (D:5)
  A worm (D:2)
  2 dart slugs
  85 orcs
  7 ball pythons
  3 endoplasms
  2 giant cockroaches (D:1)
  11 goblins
  7 hobgoblins
  30 kobolds
  A quokka (D:1)
  5 bats
  2 frilled lizards
  6 rats
429 creatures vanquished.

Vanquished Creatures (others)
  A kobold (D:7)
  32 plants
  5 withered plants (D:13)
38 creatures vanquished.

Grand Total: 467 creatures vanquished

Notes
Turn   | Place    | Note
-------+----------+-------------------------------------------
     0 | D:1      | Sabo the Demonspawn Berserker began the quest for the Orb.
     0 | D:1      | Reached XP level 1. HP: 18/18 MP: 1/1
   169 | D:1      | Gained mutation: You may rarely emit foul miasma when
                  | damaged in melee. [demonic ancestry]
   169 | D:1      | Reached XP level 2. HP: 24/24 MP: 2/2
   489 | D:1      | Found a faded altar of an unknown god.
   796 | D:1      | Reached ** piety under Trog
  1678 | D:2      | Gained mutation: You have sharp fingernails. [demonic
                  | ancestry]
  1678 | D:2      | Reached XP level 3. HP: 29/29 MP: 3/3
  2442 | D:2      | Found a basalt altar of Yredelemnul.
  2443 | D:2      | Noticed Sigmund
  2458 | D:2      | Killed Sigmund
  2459 | D:2      | Reached skill level 1 in Stealth
  2459 | D:2      | Reached skill level 1 in Shields
  2459 | D:2      | Reached XP level 4. HP: 10/37 MP: 4/4
  2459 | D:2      | Gained mutation: You regenerate magic rapidly. [demonic
                  | ancestry]
  2459 | D:2      | Reached XP level 5. HP: 11/42 MP: 5/5
  2925 | D:3      | Noticed Terence
  2942 | D:3      | Killed Terence
  3116 | D:3      | Noticed Grinder
  3127 | D:3      | Paralysed by Grinder for 2 turns
  3136 | D:3      | Paralysed by Grinder for 2 turns
  3146 | D:3      | Paralysed by Grinder for 2 turns
  3149 | D:3      | Killed Grinder
  3150 | D:3      | Reached skill level 1 in Polearms
  3150 | D:3      | Reached XP level 6. HP: 8/48 MP: 6/6
  4204 | D:4      | Reached XP level 7. HP: 54/54 MP: 7/7
  4409 | D:4      | Identified the +10 rapier "Giant's Nightmare" {freeze, rN+
                  | rCorr MP+9}
  4548 | D:4      | Reached skill level 2 in Shields
  4886 | D:4      | Noticed Menkaure
  4892 | D:4      | Killed Menkaure
  5445 | D:5      | Entered Level 5 of the Dungeon
  5553 | D:5      | Reached skill level 1 in Short Blades
  5877 | D:5      | Reached skill level 3 in Shields
  5877 | D:5      | Gained mutation: You have very sharp fingernails. [demonic
                  | ancestry]
  5877 | D:5      | Reached XP level 8. HP: 45/61 MP: 8/8
  5883 | D:5      | Found a staircase to the Ecumenical Temple.
  5958 | D:5      | Reached *** piety under Trog
  7047 | D:6      | Reached skill level 4 in Shields
  7448 | D:6      | Reached skill level 5 in Fighting
  7582 | D:6      | Gained mutation: You have a somewhat thin skeletal
                  | structure. (Dex +2, Stealth+) [demonic ancestry]
  7582 | D:6      | Reached XP level 9. HP: 68/68 MP: 9/9
  7716 | D:6      | Found a bloodstained altar of Trog.
  7717 | D:6      | Found a radiant altar of Vehumet.
  8116 | D:7      | Noticed Prince Ribbit
  8138 | D:7      | Noticed a two-headed ogre
  8150 | D:7      | Killed a two-headed ogre
  8151 | D:7      | Reached skill level 5 in Short Blades
  8151 | D:7      | Reached skill level 5 in Shields
  8157 | D:7      | Killed Prince Ribbit
  8158 | D:7      | Reached skill level 5 in Armour
  8443 | D:7      | Reached skill level 6 in Shields
  8686 | D:7      | Identified the +7 chain mail of the Enchanted Forest {rPois
                  | rF- Slay+3 SInv}
  9541 | D:8      | Found a flagged portal.
  9559 | Bailey   | Entered a bailey
  9585 | Bailey   | Gained mutation: You sometimes emit foul miasma when
                  | damaged in melee. [demonic ancestry]
  9585 | Bailey   | Reached XP level 10. HP: 74/74 MP: 10/10
  9812 | Bailey   | Reached **** piety under Trog
  9881 | Bailey   | Found a bloodstained altar of Trog.
  9899 | Bailey   | Identified the +6 longbow of Zyduam {vorpal, rPois Str+6}
 10693 | D:8      | Identified a scroll of acquirement
 10693 | D:8      | Acquired 868 gold pieces
 10706 | D:9      | Found a shimmering altar of Xom.
 10708 | D:9      | Found a hazy altar of Hepliaklqana.
 10780 | D:9      | Reached skill level 7 in Shields
 10847 | D:9      | Reached skill level 5 in Dodging
 11274 | D:9      | Noticed Gastronok
 11293 | D:9      | Killed Gastronok
 11438 | D:9      | Noticed a rust devil
 11476 | D:9      | Noticed Joseph
 11486 | D:9      | Killed Joseph
 11487 | D:9      | Reached XP level 11. HP: 67/81 MP: 11/11
 12003 | D:10     | Entered Level 10 of the Dungeon
 12009 | D:10     | Noticed Snorg
 12028 | D:10     | Killed Snorg
 12029 | D:10     | Reached skill level 8 in Shields
 12402 | D:10     | Reached ***** piety under Trog
 12664 | D:10     | Found a staircase to the Orcish Mines.
 13015 | D:10     | Found an ornate altar of the Wu Jian Council.
 13168 | D:10     | Noticed Harold
 13185 | D:10     | Killed Harold
 13186 | D:10     | Reached skill level 9 in Shields
 13444 | D:10     | Received a gift from Trog
 13695 | D:10     | Noticed a two-headed ogre
 13705 | D:10     | Killed a two-headed ogre
 13780 | Orc:1    | Entered Level 1 of the Orcish Mines
 13818 | Orc:1    | Noticed an orc knight
 13858 | Orc:1    | Killed an orc knight
 13952 | Orc:1    | Noticed an orc knight
 13965 | Orc:1    | Killed an orc knight
 14318 | Orc:2    | Entered Level 2 of the Orcish Mines
 14331 | Orc:2    | Found Exzae's Antique Armour Shop.
 14365 | Orc:2    | Noticed an orc high priest
 14369 | Orc:2    | Killed an orc high priest
 14370 | Orc:2    | Reached XP level 12. HP: 52/91 MP: 12/12
 14380 | Orc:2    | Noticed an orc high priest
 14394 | Orc:2    | Killed an orc high priest
 14412 | Orc:2    | Noticed an orc high priest
 14682 | Orc:2    | Killed an orc high priest
 14683 | Orc:2    | Reached skill level 10 in Shields
 14817 | Orc:2    | Found Qotaf's Weapon Shoppe.
 14817 | Orc:2    | Noticed an orc high priest
 14817 | Orc:2    | Noticed an orc high priest
 14827 | Orc:2    | Reached skill level 10 in Short Blades
 14919 | Orc:2    | Killed an orc high priest
 15113 | Orc:2    | Found Qecu Hikh's Assorted Antiques.
 15232 | Orc:2    | Found a staircase to the Elven Halls.
 15385 | Orc:2    | Found Dorphehyp's Book Boutique.
 15694 | Orc:2    | Found Quwnar's Magic Scroll Shoppe.
 15707 | Orc:2    | Bought a scroll of identify for 30 gold pieces
 15709 | Orc:2    | Bought a scroll of identify for 30 gold pieces
 15709 | Orc:2    | Bought a scroll of identify for 30 gold pieces
 15709 | Orc:2    | Bought a scroll of identify for 30 gold pieces
 15709 | Orc:2    | Bought a scroll of enchant armour for 112 gold pieces
 15898 | Orc:2    | Killed an orc high priest
 15904 | Orc:2    | Noticed an orc high priest
 15904 | Orc:2    | Noticed an orc high priest
 15904 | Orc:2    | Noticed an orc high priest
 15920 | Orc:2    | Killed an orc high priest
 15924 | Orc:2    | Killed an orc high priest
 15929 | Orc:2    | Killed an orc high priest
 16284 | Orc:2    | Found Piggypru's Jewellery Shop.
 16284 | Orc:2    | Found Upeostu's Armour Shoppe.
 16308 | Orc:2    | Bought the ring "Wirop" {rPois rF+ AC+4 Str+2 Dex-2} for
                  | 758 gold pieces
 16312 | Orc:2    | Bought the ring of Ephugob {rF+ MP+9 Str+2} for 534 gold
                  | pieces
 16370 | Orc:2    | Noticed an orc high priest
 16371 | Orc:2    | Found Yniqaoc's Assorted Antiques.
 16408 | Orc:2    | Killed an orc high priest
 16936 | Elf:1    | Entered Level 1 of the Elven Halls
 18133 | D:11     | Noticed Grum
 18153 | D:11     | Killed Grum
 18284 | D:11     | Reached skill level 11 in Shields
 19007 | D:11     | Found a staircase to the Lair.
 19022 | D:11     | Received a gift from Trog
 19224 | D:11     | Gained mutation: When hurt, damage is shared between your
                  | health and your magic reserves. [demonic ancestry]
 19224 | D:11     | Reached XP level 13. HP: 85/98 MP: 13/13
 20225 | D:12     | Reached skill level 1 in Throwing
 20623 | D:12     | Gained mutation: Your flesh is cold resistant. (rC+)
                  | [potion of mutation]
 20668 | D:13     | Reached skill level 12 in Shields
 21313 | D:13     | HP: 4/99 [vault guard/+0 great sword (6)]
 21314 | D:13     | Slain by a vault guard

Illustrated notes

Levels and vault maps discovered:
D:1:      eino_arrival_cavern_c, layout_loops_ring,
          shapermc_ecumenical_altar_mp_vishouse
D:2:      layout_basic, basic_altar, minmay_misc_feat_columns, uniq_sigmund
D:3:      layout_rooms, st_stairs_4, uniq_grinder, uniq_terence
D:4:      layout_layer_cave, uniq_menkaure
D:5:      layout_basic, temple_doors_e
D:6:      layout_basic, gammafunk_temple_overflow_forgotten,
          kennysheep_cross_bottleneck
D:7:      hellmonk_crumbling_castle, layout_basic, uniq_prince_ribbit1
D:8:      layout_loops_cross, enter_bailey_3
D:9:      layout_loops_ring, regret_index_temple_of_mockery, solitary_fountain,
          uniq_joseph, uniq_gastronok
D:10:     layout_roguey, marbit_many_paths, erik_orc_4, billiards_dpeg,
          uniq_snorg, uniq_harold
D:11:     layout_roguey, david_lair_shrubbed, chequers_serial_rivers_marsh,
          uniq_grum
D:12:     minmay_weird_star, layout_rooms
D:13:     layout_irregular_city, ximxim_vaults_locker_room, serial_undead,
          serial_undead_e, serial_undead_c, serial_undead_a, serial_undead_f,
          uniq_erolcha
Orc:1:    layout_diamond_mine
Orc:2:    st_orc_town, layout_caves, serial_shops, nicolae_shop_window_shopping,
          nicolae_diamond_shop, nicolae_shop_behind_doors,
          nicolae_shop_overgrown_old_shop
Elf:1:    minmay_elf_arrival_summoners, layout_loops_ring, serial_shops,
          nicolae_shop_crystal, shop, nicolae_shop_stone,
          nicolae_shop_temple_entry_statues_fountains, shop_fountains,
          hangedman_elven_crosses_minicolossus, hangedman_elf_represent,
          grunt_megastairs_5

Skill      XL: |  1  2  3  4  5  6  7  8  9 10 11 12 13 |
---------------+----------------------------------------+-----
Axes           | 3 4 |  4.3
Armour         | 2 4 5 6 8 |  8.7
Dodging        | 2 3 4 5 |  5.9
Stealth        | 1 2 4 |  4.7
Shields        | 1 3 4 6 7 9 11 12 | 12.2
Polearms       | 1 2 |  2.2
Fighting       | 4 5 6 7 8 |  8.4
Short Blades   | 2 4 5 7 9 11 | 11.7
Throwing       | 1 |  1.1

Action                   |  1- 3 |  4- 6 |  7- 9 | 10-12 | 13-15 || total
-------------------------+-------+-------+-------+-------+-------++-------
Melee: Hand axe          |   101 |       |       |       |       ||   101
       Spear             |    11 |    70 |     4 |       |       ||    85
       Rapier            |       |       |   270 |   788 |   250 ||  1308
Throw: Boomerang         |       |     2 |       |     1 |     8 ||    11
Invok: Berserk           |     1 |     4 |     6 |     4 |     3 ||    18
  Use: Scroll            |       |     4 |    12 |     8 |     1 ||    25
       Potion            |       |       |       |     5 |     4 ||     9
 Stab: Sleeping          |     1 |       |     3 |     1 |       ||     5
Armor: Animal skin       |    20 |       |       |       |       ||    20
       Leather armour    |     8 |       |       |       |       ||     8
       Chain mail        |       |    37 |    70 |   278 |   165 ||   550
       Robe              |       |     2 |       |       |       ||     2
       Steam dragon scal |       |       |    33 |       |       ||    33
Dodge: Dodged            |    76 |    15 |    87 |   168 |    64 ||   410
Block: Kite shield       |    25 |    42 |   266 |   694 |   247 ||  1274
       Reflection        |       |       |     9 |    47 |     3 ||    59
